 Dungeon Crawl Stone Soup version 0.30-a0-989-g0d87f670db (webtiles) character file.

Game seed: 8130833192015347897

8436 jtron the Skirmisher (level 11, -22/80 HPs)
             Began as a Barachi Fighter on Apr 3, 2023.
             Was a Priest of Hepliaklqana.
             Shot with an arrow by a centaur warrior (24 damage)
             ... on level 13 of the Dungeon.
             The game lasted 00:28:20 (8985 turns).

jtron the Skirmisher (Barachi Fighter)              Turns: 8985, Time: 00:28:21

Health: -22/80     AC: 13    Str: 19    XL:     11   Next: 30%
Magic:  11/11      EV: 28    Int: 10    God:    Hepliaklqana [***...]
Gold:   682        SH:  7    Dex: 19    Spells: 10/10 levels left

rFire   . . .      SeeInvis +    b - +7 sling "Ufuodgho" {freeze, rC+ rN+}
rCold   + . .      Faith    .    c - +1 buckler
rNeg    + . .      Spirit   .    w - +3 leather armour
rPois   .          Reflect  .    (no helmet)
rElec   .          Rampage  .    u - +1 cloak {Stlth+}
rCorr   .                        r - +1 pair of gloves
Will    .....                    t - +1 pair of boots {Stlth+}
Stlth   +++++                    f - amulet of the acrobat
HPRegen 0.33/turn                y - ring of see invisible
MPRegen 0.12/turn                j - +6 ring of dexterity

@: acrobatic, slow
A: reduced essence, amphibious, slowness 1, strong legs 1, +LOS
a: Hop, Renounce Religion, Recall Ancestor, Ancestor Identity, Transference


You were on level 13 of the Dungeon.
You worshipped Hepliaklqana.
Hepliaklqana was most pleased with you.
You visited 2 branches of the dungeon, and saw 13 of its levels.

You collected 682 gold pieces.

Inventory:

Hand Weapons
 a - a +3 long sword of freezing
 b - the +7 sling "Ufuodgho" (weapon) {freeze, rC+ rN+}
   (You found it on level 2 of the Dungeon)

   rC:        It protects you from cold.
   rN:        It protects you from negative energy.
Missiles
 i - 97 stones
 p - 2 boomerangs of dispersal
 x - 11 poisoned darts
 M - a throwing net
 S - 2 atropa-tipped darts
Armour
 c - a +1 buckler (worn)
 r - a +1 pair of gloves (worn)
 t - a +1 pair of boots of stealth (worn)
 u - a +1 cloak of stealth (worn)
 w - a +3 leather armour (worn)
 A - a +0 troll leather armour
Magical Staves
 G - a staff of earth
 W - a staff of conjuration
Jewellery
 d - a ring of fire
 f - an amulet of the acrobat (around neck)
 j - a +6 ring of dexterity (right hand)
 o - a ring of protection from cold
 v - a ring of positive energy
 y - a ring of see invisible (left hand)
 C - a ring of flight
 D - a ring of positive energy
 K - a ring of positive energy
 Q - an amulet of guardian spirit
Wands
 n - a wand of polymorph (17)
 s - a wand of light (10)
 H - a wand of flame (9)
 J - a wand of mindburst (3)
Scrolls
 m - a scroll of blinking
 q - a scroll of amnesia
 P - a scroll of poison
Potions
 e - 4 potions of brilliance
 g - a potion of berserk rage
 h - a potion of curing
 k - a potion of flight {unknown}
 l - 2 potions of ambrosia
 z - 3 potions of lignification
 B - a potion of heal wounds {unknown}
 E - a potion of magic {unknown}
 F - 3 potions of might
 I - a potion of invisibility
 L - 2 potions of haste
 N - 2 potions of mutation
 O - a potion of attraction {unknown}
 U - a potion of degeneration {unknown}
 X - a potion of resistance {unknown}
Miscellaneous
 T - a phantom mirror


   Skills:
 + Level 9.1 Fighting
 + Level 8.4 Long Blades
 + Level 12.5 Ranged Weapons
 + Level 0.2 Throwing
 - Level 4.0 Armour
 + Level 4.0 Dodging
 + Level 4.5 Stealth
 - Level 4.0 Shields
 + Level 1.2 Evocations


You had 10 spell levels left.
You didn't know any spells.
Your spell library contained the following spells:

 Spells                   Type           Power      Damage    Failure   Level
 Freeze                   Ice            0%         1d3       50%         1
 Cigotuvi's Dreadful Rot  Necr/Pois/Air  0%         N/A       65%         2
 Scorch                   Fire           0%         2d5       65%         2
 Frozen Ramparts          Ice            0%         1d1       86%         3
 Hailstorm                Conj/Ice       0%         3d3       86%         3
 Tukima's Dance           Hex            0%         N/A       86%         3
 Dispel Undead            Necr           0%         3d6       99%         4
 Flame Wave               Conj/Fire      0%         2d4       99%         4
 Ice Form                 Ice/Tmut       0%         N/A       99%         4
 Passage of Golubria      Tloc           0%         N/A       99%         4
 Summon Ice Beast         Ice/Summ       0%         N/A       99%         4
 Alistair's Intoxication  Tmut/Pois      0%         N/A       100%        5
 Borgnjor's Vile Clutch   Necr/Erth      0%         N/A       100%        5
 Summon Forest            Summ/Tloc      0%         N/A       100%        5
 Summon Mana Viper        Hex/Summ       0%         N/A       100%        5
 Yara's Violent Unravell  Hex/Tmut       0%         3d3       100%        5
 Death Channel            Necr           0%         N/A       100%        6
 Eringya's Noxious Bog    Tmut/Pois      0%         N/A       100%        6
 Summon Cactus Giant      Summ           0%         N/A       100%        6


Dungeon Overview and Level Annotations

Branches:
Dungeon (11/15)            Temple (1/1) D:4             Orc (0/2) D:9
 Vaults (0/5) D:13
   Lair: D:8-11

Altars:
Ashenzari
Cheibriados
Dithmenos
Elyvilon
Fedhas
Gozag
Hepliaklqana
Kikubaaqudgha
Makhleb
Nemelex Xobeh
Okawaru
Qazlal
Ru
Sif Muna
Trog
Uskayaw
Vehumet
Wu Jian
Xom
Yredelemnul
Zin
The Shining One

Annotations:
D:5 3 runed translucent doors, pigah's ghost, novice OpWn
D:6 4 runed translucent doors
D:9 1 runed translucent door, Lobster4's ghost, novice DjFE


Innate Abilities, Weirdness & Mutations

Your life essence is reduced to manifest your ancestor. (-10% HP)
You are amphibious.
You cover ground slowly.
You can hop short distances.
You have an extended range of vision and can be seen from far away.


Message History

Press: ? - help, Q - select action, (/) - cycle Shift-Dir - straight line, f/p - boulder beetle
Aim: a boulder beetle (lightly wounded, ally target, 92% to hit)
You shoot a sling bullet.
The sling bullet hits the boulder beetle.
The sling bullet freezes the boulder beetle.
The boulder beetle is lightly wounded.
The centaur warrior shoots an arrow.
The arrow hits you!
* * * LOW HITPOINT WARNING * * *
You block the boulder beetle's attack.
The centaur warrior shoots an arrow.
The arrow hits Lord Froggington!
Aiming: Mindburst
Press: ? - help, Shift-Dir - straight line, f/p - boulder beetle
Aim: a boulder beetle (lightly wounded, ally target, chance to affect: 52%)
The boulder beetle resists with significant effort.
You block the boulder beetle's attack.
The boulder beetle completely misses you.
Lord Froggington barely misses the boulder beetle.
Lord Froggington hits the boulder beetle but does no damage.
Lord Froggington drains the boulder beetle.
Lord Froggington gestures at the boulder beetle while chanting.
The boulder beetle seems to slow down.
The cyclops misses you.
The centaur warrior shoots an arrow.
You block the arrow.
The boulder beetle leaps!
You block the cyclops's attack. The cyclops completely misses you.
The centaur warrior shoots an arrow.
The arrow closely misses you.
The centaur warrior shoots an arrow.
The arrow hits you.
* * * LOW HITPOINT WARNING * * *
The centaur warrior shoots an arrow.
The arrow hits you but does no damage.
The cyclops throws a large rock.
You block the large rock.
The centaur warrior shoots an arrow.
You block the arrow.
Lord Froggington hits the boulder beetle but does no damage.
Lord Froggington hits the boulder beetle with a +0 dagger of draining.
The boulder beetle bites Lord Froggington!!
The centaur warrior shoots an arrow.
The arrow hits you!
* * * LOW HITPOINT WARNING * * *
Lord Froggington points at the boulder beetle and mumbles some strange words.
The boulder beetle easily resists.
The centaur warrior shoots an arrow.
You block the arrow.
The centaur warrior shoots an arrow.
The arrow hits you!!
You die...

#..........c..B######,,,,*
#.)..##+####..R#,,,,*,,,,*******
#....#,,,,,#...#,,,,*,,,,,,,,,,*
#....#,,,,,#...#,,,,+,,..,,,,,,*
.....#,,,,,#..C#,,,,*,...,,,,,,*
.....#,,,,,#...#,,**#....,,,,,,*
.....*,,,,,+...####......,,,,,,*
..,,,*,,,,,#.............,******
,,,,,*,,,,,#....@........,*
,,,,,****+*#.............,*
,,,,,,,,................#**
,,,,,,,,................#
*,,,,,,.................#
*,,,,,,###############..#
+,,,,,,*,,,,,,,,,,,,,*,.#
*,,,,,,*,,,,,,,,,,,,,*,,#
*,,,,,,+,,,,,,,,,,,,,*,,***


You could see a centaur warrior (drained).

Vanquished Creatures
  2 two-headed ogres (D:10)
  2 trolls
  A wyvern (D:6)
  2 yaks
  A steam dragon (D:8)
  2 acid dragons
  A water moccasin (D:6)
  4 orc warriors
  3 ice beasts
  A black bear (D:6)
  2 ogres (D:5)
  4 centaurs
  5 phantoms
  2 bullfrogs
  2 gnoll sergeants (D:7)
  2 scorpions
  5 wights (D:8)
  7 killer bees (D:9)
  7 howler monkeys
  3 hounds
  3 jellies
  Crazy Yiuf (D:3)
  3 orc priests
  2 iguanas
  2 sleepcaps
  Ijyb (D:3)
  2 orc wizards
  Natasha (thrice) (D:2)
  6 adders
  20 gnolls
  A shadow imp (D:6)
  5 white imps
  An ufetubus (D:4)
  3 worms (D:2)
  4 dart slugs
  31 orcs
  8 endoplasms
  5 giant cockroaches
  27 goblins
  32 hobgoblins
  6 jackals
  16 kobolds
  5 quokkas
  9 ball pythons
  7 bats
  4 frilled lizards
  5 rats
270 creatures vanquished.

Vanquished Creatures (collateral kills)
  A two-headed ogre (D:8)
  2 yaks (D:9)
  2 water moccasins
  A black bear (D:6)
  An ice beast (D:8)
  2 centaurs
  A phantom (D:7)
  A kobold brigand (D:8)
  A scorpion (D:6)
  3 wights
  5 killer bees (D:9)
  An electric eel (D:10)
  An orc priest (D:7)
  An iguana (D:6)
  2 adders (D:6)
  2 gnolls (D:7)
  3 orcs
  4 kobolds (D:8)
34 creatures vanquished.

Vanquished Creatures (others)
  3 hexers
  An ancestor (D:5)
4 creatures vanquished.

Grand Total: 308 creatures vanquished

Notes
Turn   | Place    | Note
-------+----------+-------------------------------------------
     0 | D:1      | jtron the Barachi Fighter began the quest for the Orb.
     0 | D:1      | Reached XP level 1. HP: 18/18 MP: 1/1
    62 | D:1      | Reached XP level 2. HP: 25/25 MP: 2/2
   275 | D:1      | Reached XP level 3. HP: 22/30 MP: 3/3
   704 | D:2      | Found a faded altar of an unknown god.
   803 | D:2      | Noticed Natasha
   815 | D:2      | Killed Natasha
   816 | D:2      | Reached XP level 4. HP: 16/37 MP: 4/4
  1452 | D:2      | Reached XP level 5. HP: 42/42 MP: 5/5
  1465 | D:2      | Noticed Natasha
  1479 | D:2      | Killed Natasha
  1480 | D:2      | Reached skill level 1 in Dodging
  1497 | D:2      | Noticed Natasha
  1504 | D:2      | Killed Natasha
  1505 | D:2      | Reached skill level 5 in Long Blades
  1512 | D:2      | Identified the +7 sling "Ufuodgho" {freeze, rC+ rN+}
  2237 | D:3      | Reached skill level 1 in Ranged Weapons
  2296 | D:3      | Found a runed translucent door.
  2297 | D:3      | Noticed Crazy Yiuf
  2336 | D:3      | Noticed Ijyb
  2347 | D:3      | Killed Ijyb
  2348 | D:3      | Reached skill level 5 in Fighting
  2348 | D:3      | Reached XP level 6. HP: 51/51 MP: 6/6
  2421 | D:3      | Killed Crazy Yiuf
  2602 | D:4      | Reached skill level 2 in Ranged Weapons
  2620 | D:4      | Reached skill level 3 in Ranged Weapons
  2804 | D:4      | Found a shimmering altar of Xom.
  2811 | D:4      | Reached XP level 7. HP: 47/56 MP: 7/7
  2816 | D:4      | Reached skill level 4 in Ranged Weapons
  3178 | D:4      | Found a staircase to the Ecumenical Temple.
  3195 | Temple   | Entered the Ecumenical Temple
  3441 | Temple   | Became a worshipper of Hepliaklqana the Forgotten
  3624 | D:4      | Found a burning altar of Makhleb.
  3707 | D:5      | Entered Level 5 of the Dungeon
  3909 | D:5      | Reached skill level 5 in Ranged Weapons
  3923 | D:5      | Reached skill level 1 in Stealth
  4030 | D:5      | Found a runed translucent gate.
  4030 | D:5      | Found a runed translucent gate.
  4035 | D:5      | Found a runed translucent gate.
  4037 | D:5      | Noticed pigah's ghost (novice OpWn)
  4098 | D:5      | Reached XP level 8. HP: 63/64 MP: 8/8
  4286 | D:5      | Reached skill level 6 in Ranged Weapons
  4573 | D:5      | Reached skill level 7 in Ranged Weapons
  4590 | D:5      | Reached * piety under Hepliaklqana
  4979 | D:6      | Reached skill level 8 in Ranged Weapons
  5018 | D:6      | Found a large runed translucent door.
  5018 | D:6      | Found a large runed translucent door.
  5029 | D:6      | Noticed a two-headed ogre
  5056 | D:6      | Reached XP level 9. HP: 63/63 MP: 9/9
  5113 | D:6      | Found a large runed translucent door.
  5113 | D:6      | Found a large runed translucent door.
  5114 | D:6      | Noticed a troll
  5136 | D:6      | Reached skill level 9 in Ranged Weapons
  5216 | D:6      | Noticed a troll
  5224 | D:6      | Killed a troll
  5411 | D:6      | Reached skill level 10 in Ranged Weapons
  5589 | D:6      | Reached skill level 1 in Evocations
  5727 | D:7      | Found a sacrificial altar of Ru.
  5738 | D:7      | Found a basalt altar of Yredelemnul.
  5782 | D:7      | Reached XP level 10. HP: 65/72 MP: 10/10
  5826 | D:7      | Reached ** piety under Hepliaklqana
  5827 | D:7      | Remembered your ancestor Lord Froggington as a hexer
  6537 | D:8      | Noticed a two-headed ogre
  6542 | D:8      | Killed a two-headed ogre
  6543 | D:8      | Reached skill level 11 in Ranged Weapons
  7137 | D:9      | Found a runed translucent door.
  7137 | D:9      | Found a shimmering altar of Xom.
  7137 | D:9      | Noticed Lobster4's ghost (novice DjFE)
  7143 | D:9      | Noticed a +0 hand axe of chaos
  7431 | D:9      | Reached *** piety under Hepliaklqana
  7571 | D:9      | Found a staircase to the Orcish Mines.
  7705 | D:9      | Reached XP level 11. HP: 47/78 MP: 11/11
  8141 | D:10     | Entered Level 10 of the Dungeon
  8183 | D:10     | Noticed a two-headed ogre
  8196 | D:10     | Killed a two-headed ogre
  8197 | D:10     | Reached skill level 12 in Ranged Weapons
  8567 | D:10     | Noticed a two-headed ogre
  8578 | D:10     | Killed a two-headed ogre
  8881 | D:11     | You fall into a shaft and drop 2 floors!
  8905 | D:13     | Noticed a skeletal warrior
  8912 | D:13     | Noticed a skeletal warrior
  8927 | D:13     | Found a gate to the Vaults.
  8927 | D:13     | Noticed a harpy
  8931 | D:13     | a swamp worm changed into a glowing shapeshifter
  8931 | D:13     | Noticed a glowing shapeshifter (glowing shapeshifter)
  8932 | D:13     | a glowing shapeshifter changed into a faun
  8932 | D:13     | Noticed a faun (glowing shapeshifter)
  8942 | D:13     | Noticed a green ugly thing
  8954 | D:13     | Noticed a centaur warrior
  8971 | D:13     | Noticed a cyclops
  8971 | D:13     | Noticed a boulder beetle
  8983 | D:13     | HP: 2/80 [centaur warrior/arrow (12)]
  8985 | D:13     | Shot with an arrow by a centaur warrior

Illustrated notes

Levels and vault maps discovered:
D:1:      mrwooster_arrival_statue_3, layout_rooms
D:2:      minmay_angry_zag, layout_loops_ring, nicolae_ecumenical_oubliette,
          uniq_natasha
D:3:      layout_basic, uniq_crazy_yiuf_cottage, uniq_ijyb
D:4:      layout_loops_ring, lemuel_doored_altar, overflow_temple_1_default,
          minmay_temple_entry_antechambers
D:5:      minmay_goblin_kobold_castle, layout_loops_corners,
          gammafunk_ghost_necromancy
D:6:      layout_cave_pools, minmay_hollow_rounded_squares
D:7:      layout_rooms, mainiacjoe_overflow_catwalk, old_standard_altar
D:8:      layout_basic
D:9:      layout_basic, david_orc_2, ebering_ghost_xom, minivault_27
D:10:     layout_roguey, minmay_crystal_water
D:11:     layout_rooms, david_lair_shrubbed,
          portal_ice_cave_entry_ice_simulacra, uniq_psyche, uniq_amaemon
D:13:     layout_irregular_city, david_vaults_2, drop_trap
Temple:   mainiacjoe_temple_bowtie_tessellation

Skill      XL: |  1  2  3  4  5  6  7  8  9 10 11 |
---------------+----------------------------------+-----
Fighting       | 4 5 6 8 9 |  9.1
Armour         | 4 |  4.0
Long Blades    | 3 4 5 6 7 8 |  8.4
Dodging        | 1 2 3 4 |  4.0
Ranged Weapons | 1 3 5 8 10 11 12 | 12.5
Shields        | 4 |  4.0
Stealth        | 1 2 4 |  4.5
Evocations     | 1 |  1.2
Throwing       | |  0.2

Action                     |  1- 3 |  4- 6 |  7- 9 | 10-12 || total
---------------------------+-------+-------+-------+-------++-------
  Melee: Long sword        |   111 |   112 |    67 |    60 ||   350
   Fire: Sling             |       |    91 |   274 |   153 ||   518
  Throw: Stone             |       |    21 |       |       ||    21
 Invoke: Ancestor Identity |       |       |     1 |       ||     1
         Ancestor Life: He |       |       |       |     1 ||     1
         Recall Ancestor   |       |       |       |     1 ||     1
  Evoke: Wand              |       |       |     5 |     2 ||     7
    Use: Potion            |     2 |     1 |       |       ||     3
         Scroll            |     6 |     1 |     9 |    10 ||    26
   Stab: Sleeping          |       |       |     5 |     1 ||     6
         Confused          |       |       |       |     3 ||     3
         Distracted        |       |       |       |     1 ||     1
 Armour: Scale mail        |    73 |    82 |       |       ||   155
         Leather armour    |       |       |    55 |    35 ||    90
  Dodge: Dodged            |    75 |    62 |    73 |    82 ||   292
  Block: Buckler           |    34 |    22 |    40 |    55 ||   151

Table legend: (Time is in decaauts)
 A = Elapsed time spent in this place.
 B = Non-inter-level travel time spent in this place.
 C = Inter-level travel time spent in this place.
 D = Time resting spent in this place.
 E = Time spent auto-exploring this place.
 F = Levels seen in this place.
 G = Mean time per level.
                   A        B        C        D        E       F      G
               +--------+--------+--------+--------+--------+-----+--------+
         Total |  10355 |   9883 |    472 |    591 |   7137 |  13 |  796.5 |
       Dungeon |  10034 |   9627 |    407 |    591 |   6896 |  12 |  836.2 |
        Temple |    321 |    257 |     64 |      0 |    240 |   1 |  321.0 |
               +--------+--------+--------+--------+--------+-----+--------+

Top non-repeatable levels by time:
     D:5: 1399 daAuts
     D:9: 1283 daAuts
     D:2: 1196 daAuts
     D:4: 1000 daAuts
     D:3: 965 daAuts
     D:8: 891 daAuts
     D:1: 848 daAuts
     D:6: 843 daAuts
    D:10: 757 daAuts
     D:7: 670 daAuts
  Temple: 321 daAuts
    D:13: 114 daAuts
    D:11: 62 daAuts
